 Dungeon Sprint DCSS version 0.24.1-4-ge52af88ad5 (webtiles) character file.

Game seed: 15325155209245546653, levelgen mode: deterministic

10856 Groucho the Unseen (level 11, -6/56 HPs)
             Began as a Spriggan Enchanter on Apr 18, 2020.
             Was the Champion of Dithmenos.
             Mangled by Saint Roka
             ... wielding a +2 dire flail of protection
              (28 damage)
             ... in the Dungeon (Sprint VII: "The Pits").
             The game lasted 00:14:44 (5363 turns).

Groucho the Unseen (Spriggan Enchanter)             Turns: 5363, Time: 00:14:45

Health: -6/56      AC:  2    Str:  7    XL:     11   Next: 41%
Magic:  21/30      EV: 32    Int: 20    God:    Dithmenos [******]
Gold:   25         SH:  0    Dex: 17    Spells: 26/38 levels left

rFire    . . .     SeeInvis +   c - +2 dagger
rCold    . . .     Gourm    .   (shield restricted)
rNeg     . . .     Faith    .   b - +0 robe
rPois    .         Spirit   .   (helmet restricted)
rElec    .         Reflect  .   (no cloak)
rCorr    .         Harm     .   (gloves unavailable)
MR       +....     NoTele   +   (boots unavailable)
Stlth    ++++++++++             (no amulet)
HPRegen  0.18/turn              g - +3 ring of intelligence
MPRegen  0.22/turn              y - ring of wizardry

@: wreathed by umbra, very quick
A: very small, unfitting armour, see invisible, herbivore, speed 3, slow
metabolism 2
a: Shadow Step, Shadow Form, Renounce Religion


You were in the Dungeon.
You worshipped Dithmenos.
Dithmenos was exalted by your worship.
You were not hungry.

You visited 1 branch You collected 25 gold pieces.

Inventory:

Hand Weapons
 c - a +2 dagger (weapon)
Missiles
 n - 35 stones (quivered)
Armour
 b - a +0 robe (worn)
Jewellery
 g - a +3 ring of intelligence (left hand)
 o - a +3 ring of protection
 w - an uncursed ring of fire
 x - an uncursed ring of protection from magic
 y - a ring of wizardry (right hand)
Scrolls
 j - a scroll of blinking
 k - 6 scrolls of remove curse
 l - 5 scrolls of amnesia
 m - a scroll of summoning
 r - 4 scrolls of fear
 s - 4 scrolls of enchant weapon
 t - 2 scrolls of identify
Potions
 a - a potion of invisibility
 e - 11 potions of curing
 f - 5 potions of heal wounds
 h - 2 potions of magic
 i - 2 potions of berserk rage
 p - 5 potions of brilliance
 q - 2 potions of agility
 u - a potion of resistance
 v - a potion of might
Comestibles
 d - 8 rations


   Skills:
 + Level 5.7 Fighting
 + Level 13.4 Short Blades
 + Level 1.7 Armour
 + Level 16.9 Dodging
 - Level 19.3 Stealth
 - Level 14.1 Spellcasting
 - Level 14.2 Hexes


You had 26 spell levels left.
You knew the following spells:

 Your Spells              Type           Power        Failure   Level  Hunger
a - Corona                Hex            ######.      0%          1    None
b - Ensorcelled Hibernat  Hex/Ice        #####.       1%          2    None
c - Confuse               Hex            ######..     1%          3    None
d - Dazzling Spray        Conj/Hex       #####.       1%          3    None
e - Tukima's Dance        Hex            ######..     1%          3    None

Your spell library contained the following spells:

 Spells                   Type           Power        Failure   Level  Hunger


Dungeon Overview and Level Annotations

Branches:
Dungeon (1/1)

Altars:
Ashenzari
Cheibriados
Dithmenos
Elyvilon
Fedhas
Gozag
Hepliaklqana
Kikubaaqudgha
Makhleb
Nemelex Xobeh
Okawaru
Qazlal
Ru
Sif Muna
Trog
Uskayaw
Vehumet
Wu Jian
Xom
Yredelemnul
Zin
The Shining One
Beogh
Jiyva
Lugonu

Annotations:
D Saint Roka


Innate Abilities, Weirdness & Mutations

You are very small and have problems with some larger weapons.
You are too small for most types of armour.
You have supernaturally acute eyesight. (SInv)
You are a herbivore.
You cover ground extremely quickly.
You need to consume almost no food.


Message History

The spray of energy hits the orc warrior.
The orc warrior is moderately wounded.
The orc warrior is dazzled.
Your shadow mimicks your spell!
The shadow shard hits Saint Roka!
Saint Roka completely misses you.
Unknown command.
Unknown command.
Casting: Dazzling Spray (safe; 1% risk of failure)
Confirm with . or Enter, or press ? or * to list all spells.
Aiming: Dazzling Spray (safe; 1% risk of failure)
Press: ? - help, Shift-Dir - straight line, f/p - Saint Roka
Aim: Saint Roka, wielding a +2 dire flail of protection and wearing a +0 chain mail (black smoke, severely wounded, confused, umbra)
The spray of energy hits Saint Roka!
Saint Roka is severely wounded.
The spray of energy hits the orc warrior.
The orc warrior is moderately wounded.
The orc warrior is dazzled.
The orc warrior misses you.
Saint Roka hits you with a +2 dire flail of protection!!
Ouch! That really hurt!
You die...

#o.# #..# #oo# ######++##########
#o.# .............##..# #§o#
...#..#......##..# #§o#
.............''§§# #o§#
.............''§§##########o§#
...#..#......##§@oo.o†...o§.§#
.............##§§ooo.........#
'#####''######################
....##''### ############ ######
....##....##..+...##...### #.....
....##...##...#..##(.....###....#
<...##..##...##..#......).##.####
....##..#...##...'.........###...
....##..'..##....###.......##....


You could see Saint Roka (confused) and 3 orc warriors.

Vanquished Creatures
  2 alligators (D)
  A shadow wraith (D)
  A sixfirhy (D)
  A flayed ghost (D)
  A lindwurm (D)
  An orc sorcerer (D)
  A deep elf mage (D)
  An elephant (D)
  A molten gargoyle (D)
  A gargoyle (D)
  2 freezing wraiths (D)
  2 demonic crawlers (D)
  A jumping spider (D)
  A hornet (D)
  9 dream sheep (D)
  A snapping turtle (D)
  A shadow (D)
  2 wyverns (D)
  A redback (D)
  3 yaks (D)
  A wraith (D)
  A fire elemental (D)
  A hungry ghost (D)
  A small abomination (D)
  An orc warrior (D)
  3 eyes of draining (D)
  2 sky beasts (D)
  4 wolves (D)
  2 centaurs (D)
  A big kobold (D)
  A bullfrog (D)
  A crimson imp (D)
  A jelly (D)
  An iguana (D)
  An iron imp (D)
  Ijyb (D)
  2 hell rats (D)
  A gnoll (D)
  A river rat (D)
  3 white imps (D)
  2 adder skeletons (D)
  A worm (D)
  A leopard gecko (D)
  8 orcs (D)
  A bat (D)
  A bat zombie (D)
  A goblin (D)
  3 rats (D)
82 creatures vanquished.

Notes
Turn   | Place    | Note
-------+----------+-------------------------------------------
     0 | D        | Groucho the Spriggan Enchanter began the quest for the Orb.
     0 | D        | Reached XP level 1. HP: 9/9 MP: 5/5
    14 | D        | Reached skill level 5 in Stealth
    43 | D        | Found a bloodstained altar of Trog.
    43 | D        | Found a shimmering blue altar of Sif Muna.
    43 | D        | Found a viscous altar of Jiyva.
    43 | D        | Found a hazy altar of Hepliaklqana.
    43 | D        | Found an opulent altar of Gozag.
    44 | D        | Found a glowing golden altar of the Shining One.
    44 | D        | Found a glowing silver altar of Zin.
    44 | D        | Found a basalt altar of Yredelemnul.
    44 | D        | Found a shimmering altar of Xom.
    44 | D        | Found an ornate altar of the Wu Jian Council.
    44 | D        | Found a sacrificial altar of Ru.
    44 | D        | Found a stormy altar of Qazlal.
    44 | D        | Found an iron altar of Okawaru.
    44 | D        | Found a sparkling altar of Nemelex Xobeh.
    44 | D        | Found a burning altar of Makhleb.
    44 | D        | Found a blossoming altar of Fedhas.
    44 | D        | Found a white marble altar of Elyvilon.
    44 | D        | Found a shadowy altar of Dithmenos.
    44 | D        | Found a snail-covered altar of Cheibriados.
    46 | D        | Found a radiant altar of Vehumet.
    46 | D        | Found a corrupted altar of Lugonu.
    46 | D        | Found a roughly hewn altar of Beogh.
    47 | D        | Found a hide-covered altar of Uskayaw.
    47 | D        | Found an ancient bone altar of Kikubaaqudgha.
    47 | D        | Found a shattered altar of Ashenzari.
    76 | D        | Became a worshipper of Dithmenos the Shadowed
   100 | D        | Reached skill level 6 in Stealth
   100 | D        | Reached XP level 2. HP: 8/13 MP: 5/7
   603 | D        | Learned a level 2 spell: Ensorcelled Hibernation
   606 | D        | Reached * piety under Dithmenos
   785 | D        | Reached skill level 7 in Stealth
   793 | D        | Reached ** piety under Dithmenos
   793 | D        | Reached skill level 8 in Stealth
   793 | D        | Reached skill level 5 in Hexes
   793 | D        | Reached XP level 3. HP: 16/16 MP: 5/9
   794 | D        | Noticed a centaur
   801 | D        | Killed a centaur
   801 | D        | Reached skill level 10 in Stealth
   801 | D        | Reached XP level 4. HP: 21/21 MP: 2/13
   858 | D        | Learned a level 3 spell: Confuse
   862 | D        | Learned a level 3 spell: Dazzling Spray
   866 | D        | Learned a level 3 spell: Tukima's Dance
   880 | D        | Reached skill level 11 in Stealth
   880 | D        | Reached XP level 5. HP: 22/24 MP: 2/15
  1128 | D        | Reached *** piety under Dithmenos
  1345 | D        | Reached **** piety under Dithmenos
  1345 | D        | Reached skill level 12 in Stealth
  1353 | D        | Noticed a sky beast
  1358 | D        | Killed a sky beast
  1358 | D        | Reached skill level 13 in Stealth
  1362 | D        | Reached XP level 6. HP: 28/28 MP: 15/18
  1572 | D        | Noticed a shadow wraith
  1574 | D        | Killed a shadow wraith
  1574 | D        | Reached skill level 5 in Short Blades
  1574 | D        | Reached skill level 15 in Stealth
  1574 | D        | Reached skill level 10 in Spellcasting
  1574 | D        | Reached skill level 10 in Hexes
  1574 | D        | Reached XP level 7. HP: 32/32 MP: 18/21
  1580 | D        | Reached ***** piety under Dithmenos
  1760 | D        | Noticed a freezing wraith
  1760 | D        | Noticed a snapping turtle
  1764 | D        | Killed a snapping turtle
  1764 | D        | Reached XP level 8. HP: 36/36 MP: 23/23
  1766 | D        | Killed a freezing wraith
  1766 | D        | Reached skill level 16 in Stealth
  1856 | D        | Noticed a lindwurm
  1975 | D        | Killed a lindwurm
  1975 | D        | Reached skill level 10 in Dodging
  1990 | D        | Reached XP level 9. HP: 37/39 MP: 11/25
  2291 | D        | Reached skill level 17 in Stealth
  2425 | D        | Noticed a deep elf mage
  2425 | D        | Noticed a flayed ghost
  2427 | D        | Killed a flayed ghost
  2428 | D        | Killed a deep elf mage
  2430 | D        | Reached ****** piety under Dithmenos
  2471 | D        | Noticed a freezing wraith
  2472 | D        | Reached skill level 18 in Stealth
  2473 | D        | Noticed a demonic crawler
  2474 | D        | Killed a freezing wraith
  2474 | D        | Reached skill level 10 in Short Blades
  2474 | D        | Reached XP level 10. HP: 37/44 MP: 18/27
  2475 | D        | Noticed a gargoyle
  2478 | D        | Killed a gargoyle
  2978 | D        | Reached skill level 19 in Stealth
  3191 | D        | Noticed a sixfirhy
  3192 | D        | Noticed an alligator
  3192 | D        | Noticed a molten gargoyle
  3209 | D        | Killed a molten gargoyle
  3214 | D        | Killed a sixfirhy
  3619 | D        | Reached skill level 1 in Fighting
  4104 | D        | Killed an alligator
  4104 | D        | Reached skill level 15 in Dodging
  4114 | D        | Noticed an alligator
  4114 | D        | Noticed Ijyb
  4127 | D        | Reached XP level 11. HP: 40/51 MP: 3/30
  4136 | D        | Killed Ijyb
  4189 | D        | HP: 1/53 [dream sheep (17)]
  5136 | D        | Killed an alligator
  5136 | D        | Reached skill level 5 in Fighting
  5287 | D        | Noticed Saint Roka
  5287 | D        | Noticed an orc sorcerer
  5297 | D        | Killed an orc sorcerer
  5297 | D        | Reached skill level 1 in Armour
  5363 | D        | Mangled by Saint Roka

Levels and vault maps discovered:
D:        pitsprint [storerooms_1, entrance_room_1, metal_vault_7, armoury_2,
          mini_pit_1, grid_room_1, main_hall_1, silver_pit, the_coven_2,
          the_vestibule_1, steel_vault_5, golden_pit, hallway_of_sentries,
          crystal_vault_2, iron_vault_4, final_vault]

Skill      XL: |  1  2  3  4  5  6  7  8  9 10 11 |
---------------+----------------------------------+-----
Stealth        | 6 8 10 11 13 15 16 18 19 | 19.3
Spellcasting   | 3 4 6 8 10 11 12 14 | 14.1
Hexes          | 4 5 6 7 8 10 11 13 14 | 14.2
Short Blades   | 2 5 6 8 10 12 13 | 13.4
Dodging        | 4 8 9 10 12 15 16 | 16.9
Fighting       | 2 5 |  5.7
Armour         | 1 |  1.7

Action                   |  1- 3 |  4- 6 |  7- 9 | 10-12 || total
-------------------------+-------+-------+-------+-------++-------
Melee: Dagger            |    14 |    13 |    24 |    98 ||   149
 Cast: Ensorcelled Hiber |     5 |     8 |    11 |    33 ||    57
       Confuse           |       |     2 |     2 |    15 ||    19
       Dazzling Spray    |       |       |       |    25 ||    25
Invok: Shadow Step       |       |       |     6 |    10 ||    16
  Use: Potion            |     2 |       |     1 |     6 ||     9
 Stab: Sleeping          |     6 |     8 |    19 |    28 ||    61
       Confused          |       |     2 |     1 |     8 ||    11
       Distracted        |       |       |     1 |       ||     1
       Invisible         |       |       |       |     4 ||     4
  Eat: Ration            |       |       |       |     2 ||     2
Armor: Robe              |       |       |     3 |     4 ||     7
Dodge: Dodged            |    11 |     2 |    21 |   117 ||   151
